 Dungeon Crawl Stone Soup version 0.26.0-10-g1f06aea511 (webtiles) character file.

Game seed: 2953537510018164660

45 jackrogers the Ruffian (level 3, -4/31 HPs)
             Began as a Draconian Monk on Jan 14, 2021.
             Slain by a gnoll
             ... wielding a +0 flail of protection
              (5 damage)
             ... on level 2 of the Dungeon.
             The game lasted 00:01:00 (1027 turns).

jackrogers the Ruffian (Draconian Monk)             Turns: 1027, Time: 00:01:00

Health: -4/31      AC:  5    Str: 14    XL:     3   Next: 42%
Magic:  3/3        EV: 13    Int: 10    God:
Gold:   66         SH:  0    Dex: 13    Spells: 2/2 levels left

rFire    . . .     SeeInvis .     - Unarmed
rCold    . . .     Faith    .   (no shield)
rNeg     . . .     Spirit   .   (armour unavailable)
rPois    .         Reflect  .   (helmet restricted)
rElec    .         Harm     .   (no cloak)
rCorr    .         Rampage  .   (no gloves)
Will     .....                  (no boots)
Stlth    ++........             (no amulet)
HPRegen  0.10/turn              (no ring)
MPRegen  0.08/turn              (no ring)

@: no status effects
A: unfitting armour, cold-blooded, AC +5
a: no special abilities


You were on level 2 of the Dungeon.
You visited 1 branch of the dungeon, and saw 2 of its levels.

You collected 66 gold pieces.

Inventory:

Scrolls
 b - a scroll of amnesia {unknown}
Potions
 a - 3 potions of curing {unknown}
 g - a potion of lignification {unknown}
 h - a potion of flight {unknown}
 i - a potion of might {unknown}


   Skills:
 - Level 3.2 Fighting
 - Level 2.6 Dodging
 - Level 1.7 Stealth
 + Level 4.5 Unarmed Combat


You had 2 spell levels left.
You didn't know any spells.
Your spell library was empty.

Dungeon Overview and Level Annotations

Branches:
Dungeon (2/15)

Altars:


Innate Abilities, Weirdness & Mutations

Your plain brown scales are hard. (AC +5)
You cannot fit into any form of body armour.
You are cold-blooded and may be slowed by cold attacks.


Message History

i - a fuming orange potion You open the door.
There is an open door here.
You see here a +0 dagger.
You open the door.
There is an open door here.
j - a scroll labelled WUMIUCSUUGG You now have 52 gold pieces (gained 2).
Done exploring.
No target in view!
No target in view!
No target in view!
Done exploring.
Done exploring.
Unknown command.
As you read the scroll labelled AMACUSUIDU, it crumbles to dust.
You feel momentarily disoriented.
It was a scroll of magic mapping.
As you read the scroll labelled LUIFU HUTOASH, it crumbles to dust.
You feel strangely unstable.
It was a scroll of teleportation.
As you read the scroll labelled OSSOXI PEGE, it crumbles to dust.
You hear a voice calling someone else's name.
It was a scroll of random uselessness.
As you read the scroll labelled POBBUE RISTAWK, it crumbles to dust.
The air around you briefly surges with heat, but it dissipates.
It was a scroll of immolation.
Your surroundings suddenly seem different.
As you read the scroll labelled WUMIUCSUUGG, it crumbles to dust.
The scroll dissolves into smoke.
It was a scroll of fog.
As you read the scroll labelled ZEZUEW PEKKIF, it crumbles to dust.
It is a scroll of enchant weapon.
You aren't carrying any weapons that can be enchanted.
Done exploring.
Done exploring.
Done exploring.
Done exploring.
Done exploring.
(D) Dungeon
Where to? (? - help)
There is a stone staircase leading down here.
You climb downwards.
There is a stone staircase leading up here.
Unknown command.
You now have 66 gold pieces (gained 14).
b - a scroll labelled IRGHIR DAFABB 2 gnolls come into view.
Found a stone staircase leading up.
Warning x2: The gnoll can hit for moderate damage in melee, and throws nets!
The gnoll (asleep) can hit for moderate damage in melee, and throws nets!
There are monsters nearby!
Warning x2: The gnoll can hit for moderate damage in melee, and throws nets!
The gnoll (asleep) can hit for moderate damage in melee, and throws nets!
There are monsters nearby!
Warning x2: The gnoll can hit for moderate damage in melee, and throws nets!
The gnoll (asleep) can hit for moderate damage in melee, and throws nets!
You barely miss the gnoll.
The gnoll shouts!
The gnoll closely misses you.
Warning x2: The gnoll can hit for moderate damage in melee, and throws nets! x2
You hit the gnoll.
You tail-slap the gnoll, but do no damage.
You closely miss the gnoll.
A gnoll comes into view.
It is wielding a +0 flail of protection.
Warning x3: The gnoll (wandering) can hit for moderate damage in melee, and throws nets!
The gnoll can hit for moderate damage in melee, and throws nets! x2
You barely miss the gnoll. The gnoll hits you with a +0 whip.
The gnoll hits you.
Warning x3: The gnoll can hit for moderate damage in melee, and throws nets! x2
The gnoll (wandering) can hit for moderate damage in melee, and throws nets!
You hit the gnoll. The gnoll barely misses you. The gnoll misses you.
Warning x3: The gnoll can hit for moderate damage in melee, and throws nets! x3
You punch the gnoll! Your punch misses the gnoll.
The gnoll hits you with a +0 whip. The gnoll hits you.
You are too injured to fight recklessly!
Unknown command.
Warning x2: The gnoll can hit for moderate damage in melee, and throws nets! x2
You hit the gnoll. The gnoll misses you.
Warning x3: The gnoll can hit for moderate damage in melee, and throws nets! x3
You hit the gnoll. You punch the gnoll. The gnoll hits you with a +0 whip.
You completely miss the gnoll. The gnoll misses you.
You closely miss the gnoll.
You tail-slap the gnoll, but do no damage.
The gnoll barely misses you.
You hit the gnoll.
You kill the gnoll!
You have reached level 3!
Your experience leads to an increase in your attributes!
Increase (s)trength, (i)ntelligence, or (d)exterity?
You feel stronger.
Your scales feel tougher.
Warning x2: The gnoll can hit for moderate damage in melee, and throws nets! x2
You closely miss the gnoll. The gnoll hits you.
You closely miss the gnoll. The gnoll hits you but does no damage.
You hit the gnoll. The gnoll hits you.
* * * LOW HITPOINT WARNING * * *
You hit the gnoll.
You kill the gnoll!
The gnoll misses you.
Spoiler Alert: The gnoll can hit for moderate damage in melee, and throws nets!
You hit the gnoll. You hit the gnoll but do no damage.
Your tail-slap misses the gnoll.
The gnoll hits you with a +0 flail of protection!
* * * LOW HITPOINT WARNING * * *
You closely miss the gnoll.
The gnoll hits you with a +0 flail of protection.
You die...

... ..# ## ##..### #.
..<...
#########.####....###
........#.@g.#.......
##########.####.#...####
........................
####.......######..#####
........####### ..#
#####........... ..#
..........###### ..#
..........# ..#
.......<..# ..#


You could see a gnoll.

Vanquished Creatures
  2 gnolls (D:2)
  2 dart slugs (D:1)
  A giant cockroach (D:1)
  2 goblins (D:1)
  7 hobgoblins (D:1)
  A ball python (D:1)
  2 bats (D:1)
  A frilled lizard (D:1)
  4 kobolds (D:1)
  A rat (D:1)
23 creatures vanquished.

Notes
Turn   | Place    | Note
-------+----------+-------------------------------------------
     0 | D:1      | jackrogers the Draconian Monk began the quest for the Orb.
     0 | D:1      | Reached XP level 1. HP: 19/19 MP: 1/1
   230 | D:1      | Reached XP level 2. HP: 21/26 MP: 2/2
   573 | D:1      | Reached skill level 4 in Unarmed Combat
  1021 | D:2      | Reached XP level 3. HP: 17/31 MP: 3/3
  1026 | D:2      | HP: 1/31 [gnoll/+0 flail of protection (7)]
  1027 | D:2      | Slain by a gnoll

Illustrated notes

Levels and vault maps discovered:
D:1:      psy_arrival_dodecagon, layout_loops_corners
D:2:      minmay_razor_zed, layout_basic, lemuel_zombie_altar_yredelemnul,
          lemuel_doored_altar

Skill      XL: |  1  2 |
---------------+-------+-----
Unarmed Combat | 4 |  4.5
Fighting       | |  3.2
Dodging        | |  2.6
Stealth        | |  1.7

Action                   || total
-------------------------++-------
Melee: Unarmed           ||    78
       Tailslap          ||     9
       Punch             ||     1
  Use: Scroll            ||     6
 Stab: Sleeping          ||     6
Armor: Skin              ||    15
Dodge: Dodged            ||    28

Table legend: (Time is in decaauts)
 A = Elapsed time spent in this place.
 B = Non-inter-level travel time spent in this place.
 C = Inter-level travel time spent in this place.
 D = Time resting spent in this place.
 E = Time spent auto-exploring this place.
 F = Levels seen in this place.
 G = Mean time per level.
                   A        B        C        D        E       F      G
               +--------+--------+--------+--------+--------+-----+--------+
         Total |   1021 |   1016 |      5 |      0 |    846 |   2 |  510.5 |
       Dungeon |   1021 |   1016 |      5 |      0 |    846 |   2 |  510.5 |
               +--------+--------+--------+--------+--------+-----+--------+

Top non-repeatable levels by time:
     D:1: 984 daAuts
     D:2: 36 daAuts

Table legend:
 A = Kills in this place as a percentage of kills in entire the game.
 B = Kills by you in this place as a percentage of kills by you in the entire game.
 C = Kills by friends in this place as a percentage of kills by friends in the entire game.
 D = Other kills in this place as a percentage of other kills in the entire game.
 E = Experience gained in this place as a percentage of experience gained in the entire game.
 F = Experience gained in this place divided by the number of levels of this place that you have seen.
                   A       B       C       D       E      F
               +-------+-------+-------+-------+-------+----------------------
         Total | 100.0 | 100.0 |   N/A |   N/A | 100.0 |  32.5
       Dungeon | 100.0 | 100.0 |   N/A |   N/A | 100.0 |  32.5
               +-------+-------+-------+-------+-------+----------------------
